cohdb
Replays
Latest Replays
All Replays
Popular Replays
Top Player Replays
Match Explorer
How It Works
Community
CoH3 Stats
Reddit
Sign in to upload your games and track your stats! →
Sign in with Steam
Match 43051747
Unlisted
Match 43051747
Overview
Messages
Build Orders
End
Construct Barracks
Scout Squad
1⁄4-ton 4x4 Truck
Riflemen Squad
Riflemen Squad
Grenade Package
Construct Weapon Support Center
M1919 Machine Gun Team
Engineer Squad
Mechanized Support Center
Construct Medical Station
M3 Armored Personnel Carrier
M3 Armored Personnel Carrier
Bazooka Squad
Construct Tank Depot
Riflemen Squad
Mortar Pit
M4A1 Sherman Medium Tank
M1919 Machine Gun Team
Riflemen Squad
Bazooka Squad
M3 Armored Personnel Carrier
Selects Heavy Weapons
Selects Assault Carriers
Selects Exchangeable Parts
Selects M2HB .50cal Heavy Machine Gun
M4A1 Sherman Medium Tank
M1919 Machine Gun Team
Designate Forward Repair Station
M4A1 76mm Conversion
M4A1(76) Sherman Medium Tank
Selects M26 Pershing Heavy Tank
Selects Gallant Stand
matrix4x4
陈月
0
0
Comments
sign in to comment!
No comments posted yet!